 Dungeon Crawl Stone Soup version 0.29.0-13-gc9e81de378 (webtiles) character file.

Game seed: 9562773625245282375

38933 funkygono the Thaumaturge (level 14, -32/76 HPs)
             Began as a Gargoyle Fire Elementalist on Sept 7, 2022.
             Was an Elder of Vehumet.
             Killed from afar by a fire dragon (61 damage)
             ... with a blast of flame
             ... on level 5 of the Lair of Beasts on Sept 8, 2022.
             The game lasted 00:43:58 (21381 turns).

funkygono the Thaumaturge (GrFE)                   Turns: 21381, Time: 00:43:59

Health: -32/76     AC: 28    Str: 19    XL:     14   Next: 4%
Magic:  31/41      EV: 12    Int: 31    God:    Vehumet [****..]
Gold:   1637       SH:  0    Dex: 10    Spells: 20/39 levels left

rFire   . . .      SeeInvis .   p - +9 whip (flame)
rCold   . . .      Faith    .   (no shield)
rNeg    + . .      Spirit   .   t - +1 acid dragon scales
rPois   ∞          Reflect  .   M - +3 hat of Pondering {ponderous, Will+ MP+10 Int+5}
rElec   +          Harm     .   s - +1 cloak
rCorr   +          Rampage  .   R - +0 pair of gloves
Will    ++...                   o - +2 pair of boots
Stlth   +.........              (no amulet)
HPRegen 0.22/turn               x - +6 ring of strength
MPRegen 0.27/turn               I - +6 ring of intelligence

@: flying, slow
A: sickness immunity, AC +10, big wings, negative energy resistance 1,
electricity resistance, torment resistance 1, petrification resistance
a: Renounce Religion


You were on level 5 of the Lair of Beasts.
You worshipped Vehumet.
Vehumet was greatly pleased with you.
You visited 3 branches of the dungeon, and saw 17 of its levels.
You also visited: Sewer.

You collected 1737 gold pieces.
You spent 100 gold pieces at shops.

Inventory:

Hand Weapons
 g - a +4 flail of protection
 j - a +0 mace
 p - a +9 whip of flaming (weapon)
 C - a +0 demon whip of venom
Armour
 o - a +2 pair of boots (worn)
 s - a +1 cloak (worn)
 t - +1 acid dragon scales (worn)
 y - a +0 helmet
 K - a +2 robe of cold resistance
 M - the +3 hat of Pondering (worn) {ponderous, Will+ MP+10 Int+5}
   (You took it off Gastronok on level 2 of the Lair of Beasts)

   Int:       It affects your intelligence (+5).
   MP:        It affects your magic capacity (+10).
   Will:      It increases your willpower.
 R - a +0 pair of gloves (worn)
Magical Staves
 B - a staff of air
Jewellery
 v - a ring of willpower
 x - a +6 ring of strength (left hand)
 z - a ring of resist corrosion
 G - a ring of ice
 I - a +6 ring of intelligence (right hand)
 N - a ring of willpower
 O - a ring of protection from cold
 S - a ring of protection from fire
Wands
 h - a wand of digging (4)
 i - a wand of paralysis (12)
 J - a wand of polymorph (5)
Scrolls
 a - 2 scrolls of fear
 d - 4 scrolls of blinking
 k - 7 scrolls of teleportation
 A - 5 scrolls of butterflies
 D - a scroll of torment
 H - 2 scrolls of magic mapping
 P - 2 scrolls of identify
 Q - a scroll of amnesia
 U - a scroll of enchant armour
 V - a scroll of poison
Potions
 b - 3 potions of magic
 c - 15 potions of curing
 e - 2 potions of mutation
 f - a potion of haste
 l - 2 potions of flight
 m - 4 potions of brilliance
 n - 3 potions of resistance
 q - 2 potions of heal wounds
 u - 3 potions of might
 w - 3 potions of lignification
 F - a potion of cancellation
 L - 2 potions of invisibility
 T - 2 potions of berserk rage
Miscellaneous
 E - a condenser vane (inert)


   Skills:
 + Level 4.0 Fighting
 + Level 6.0 Maces & Flails
 + Level 6.2 Armour
 + Level 5.2 Dodging
 - Level 2.1 Stealth
 + Level 13.2 Spellcasting
 + Level 10.1 Conjurations
 + Level 13.1 Fire Magic
 + Level 0.4 Air Magic
 + Level 1.7 Evocations


You had 20 spell levels left.
You knew the following spells:

 Your Spells              Type           Power      Damage    Failure   Level
a - Foxfire               Conj/Fire      100%       2x1d9     1%          1
b - Scorch                Fire           100%       2d10      0%          2
c - Conjure Flame         Conj/Fire      75%        6-21      1%          3
d - Flame Wave            Conj/Fire      75%        2d17      1%          4
e - Airstrike             Air            11%        2d(2-18)  7%          4
f - Fireball              Conj/Fire      37%        3d15      1%          5

Your spell library contained the following spells:

 Spells                   Type           Power      Damage    Failure   Level
 Iron Shot                Conj/Erth      25%        9d5       16%         6
 Magic Dart               Conj           100%       1d8       1%          1
 Shock                    Conj/Air       100%       1d9       1%          1
 Inner Flame              Hex/Fire       57%        N/A       1%          3
 Mephitic Cloud           Conj/Pois/Air  42%        N/A       1%          3
 Starburst                Conj/Fire      37%        6d11      1%          6
 Summon Small Mammal      Summ           80%        N/A       3%          1
 Call Imp                 Summ           20%        N/A       4%          2
 Wereblood                Tmut           20%        N/A       4%          2
 Swiftness                Air            23%        N/A       8%          3
 Call Canine Familiar     Summ           20%        N/A       9%          3
 Gell's Gravitas          Tloc           20%        N/A       9%          3
 Summon Guardian Golem    Hex/Summ       20%        N/A       9%          3
 Teleport Other           Tloc           20%        N/A       9%          3
 Tukima's Dance           Hex            20%        N/A       9%          3
 Yara's Violent Unravell  Hex/Tmut       10%        3d6       21%         5
 Ignition                 Fire           40%        3d12      22%         8
 Summon Lightning Spire   Summ/Air       21%        N/A       26%         4
 Passage of Golubria      Tloc           20%        N/A       30%         4
 Silence                  Hex/Air        10%        N/A       58%         5
 Dispersal                Tloc           10%        N/A       99%         6
 Lehudib's Crystal Spear  Conj/Erth      25%        10d7      99%         8
 Storm Form               Tmut/Air       10%        N/A       100%        7
 Summon Hydra             Summ           10%        N/A       100%        7
 Maxwell's Capacitive Co  Air            11%        ∞         100%        8
 Death's Door             Necr           10%        N/A       100%        9
 Sublimation of Blood     Necr           Unusable   N/A       N/A         2

Dungeon Overview and Level Annotations

Branches:
Dungeon (11/15)            Temple (1/1) D:6            Lair (5/5) D:8
  Swamp (0/4) Lair:2        Snake (0/4) Lair:3        Slime (0/5) Lair:5
    Orc (0/2) D:9           Sewer (visited)

Altars:
Ashenzari
Cheibriados
Dithmenos
Elyvilon
Fedhas
Gozag
Hepliaklqana
Kikubaaqudgha
Makhleb
Nemelex Xobeh
Okawaru
Qazlal
Ru
Sif Muna
Trog
Uskayaw
Vehumet
Wu Jian
Xom
Yredelemnul
Zin
The Shining One
Jiyva

Shops:
D:6 !   D:10 !


Innate Abilities, Weirdness & Mutations

You are immune to sickness and miasma.
Your stone body is resilient. (AC +10)
You are immune to poison.
Your large and strong wings let you fly.
You resist negative energy. (rN+)
You are resistant to electric shocks. (rElec)
You are resistant to unholy torment.
You are immune to petrification.


Message History

Okay, then.
Aiming: Iceblast
Press: ? - help, Shift-Dir - straight line, f - fire dragon
Aim: a fire dragon (moderately wounded)
The mass of ice explodes!
The iceblast engulfs the fire dragon!!
The fire dragon is frozen!
The fire dragon is heavily wounded.
The now-empty wand crumbles to dust.
The fire dragon breathes flames at you. The blast of flame misses you.
Aiming: Paralyse
Press: ? - help, Shift-Dir - straight line, f/p - fire dragon
Aim: a fire dragon (heavily wounded, catching its breath, chance to affect: 21%)
The fire dragon resists with almost no effort.
Clouds of noxious fumes condense around you!
The condenser dries out!
Unknown command.
Unknown command.
You hit the fire dragon.
The fire dragon is heavily wounded.
The fire dragon barely misses you. The fire dragon closely misses you.
The fire dragon tramples you.
You are shoved backwards!
You hit the fire dragon.
The fire dragon is heavily wounded.
The fire dragon bites you but does no damage.
The fire dragon claws you but does no damage.
The fire dragon tramples you but does no damage.
You whack the fire dragon!
The fire dragon is severely wounded.
The fire dragon breathes flames at you. The blast of flame hits you!!!
Ouch! That really hurt!
* * * LOW HITPOINT WARNING * * *
You whack the fire dragon!
The fire dragon is almost dead.
You feel much better. The fire dragon breathes flames at you.
The blast of flame hits you!!!
Ouch! That really hurt!
You die...

.~~~~~~.~P~~..........# ♣♣♣...≈§
.~~..~....~~..........# ♣.♣.$..≈
......................##♣♣..♣♣♣..
.......................#♣........
.......P...............#♣♣♣♣.....
......P.................♣♣♣♣.[≈~~
...........<.......☼§§....D...~..
...................§§§.♣~~~÷≈~...
................@D.§§§..~...~♣...
.......................~.........
.............................#♣#.
.......................####### ##
.............................# #P
......#......................# #
.......[................##..P# #
...†...#...............##....# ##
...#...#.....).........###..## #P


You could see a fire dragon (catching breath).

Vanquished Creatures
  Gastronok (Lair:2)
  4 hydras
  Fannar (Lair:2)
  A boulder beetle (D:11)
  A two-headed ogre (D:11)
  3 death yaks (Lair:5)
  Amaemon (Lair:2)
  Pikel (D:5)
  A cyclops (D:11)
  9 elephants
  Maurice (D:11)
  4 black mambas
  An orange demon (Lair:2)
  2 torpor snails
  A guardian serpent (shapeshifter) (D:9)
  11 cane toads
  An unseen horror (D:11)
  2 rime drakes
  Psyche (D:8)
  9 komodo dragons
  3 trolls
  2 polar bears
  Grinder (Sewer)
  3 shadows
  A wraith (D:10)
  Eustachio (D:6)
  38 yaks
  6 wyverns
  The ghost of emikaela the Cudgeller, an amateur MeBe of Trog (D:5)
  8 basilisks
  A steam dragon (D:9)
  3 vampire mosquitoes (D:11)
  4 nagas (Lair:3)
  5 acid dragons
  10 water moccasins
  2 ice beasts
  5 orc warriors
  3 sky beasts
  2 swamp drakes (Lair:5)
  3 black bears
  6 wolves
  4 ogres
  5 centaurs
  A lemure (D:5)
  5 kobold brigands
  8 bullfrogs
  2 necrophages (D:6)
  A gnoll sergeant (D:10)
  2 scorpions (D:6)
  4 wights
  5 killer bees (D:8)
  7 howler monkeys
  3 electric eels (D:9)
  3 jellies
  A quasit (Sewer)
  4 hounds
  3 gnoll boudas
  9 orc priests
  Crazy Yiuf (D:2)
  15 orc wizards
  5 iguanas
  6 adders
  17 gnolls
  5 shadow imps
  A white imp (D:9)
  4 ufetubi
  3 adder zombies (Sewer)
  4 worms
  3 dart slugs
  46 orcs
  4 ball pythons
  A bat zombie (Sewer)
  7 endoplasms
  5 giant cockroaches
  8 hobgoblins
  10 jackals
  34 kobolds
  11 quokkas
  4 bats
  3 frilled lizards
  9 goblins
  3 rats (D:3)
440 creatures vanquished.

Vanquished Creatures (collateral kills)
  6 foxfires
6 creatures vanquished.

Vanquished Creatures (others)
  An endoplasm (Sewer)
  1153 foxfires
  25 fungi
  64 plants
1243 creatures vanquished.

Grand Total: 1689 creatures vanquished

Notes
Turn   | Place    | Note
-------+----------+-------------------------------------------
     0 | D:1      | funkygono the Gargoyle Fire Elementalist began the quest
                  | for the Orb.
     0 | D:1      | Reached XP level 1. HP: 10/10 MP: 3/3
    83 | D:1      | Reached XP level 2. HP: 15/15 MP: 0/5
    86 | D:1      | Learned a level 2 spell: Scorch
   160 | D:1      | Got Sousijer's Compendium of Maleficent Arts and Air
   783 | D:1      | Reached XP level 3. HP: 19/19 MP: 6/6
   787 | D:1      | Learned a level 3 spell: Conjure Flame
   891 | D:1      | Identified a scroll of acquirement
   891 | D:1      | Acquired 941 gold pieces
  1006 | D:2      | Found a faded altar of an unknown god.
  1404 | D:2      | Reached XP level 4. HP: 19/24 MP: 2/7
  1594 | D:2      | Found a runed translucent door.
  1595 | D:2      | Noticed Crazy Yiuf
  2037 | D:2      | Killed Crazy Yiuf
  2038 | D:2      | Reached skill level 1 in Maces & Flails
  2334 | D:3      | Reached XP level 5. HP: 26/28 MP: 3/9
  2671 | D:3      | Noticed an ogre
  2674 | D:3      | Killed an ogre
  2784 | D:3      | Reached XP level 6. HP: 22/33 MP: 8/10
  2795 | D:3      | Learned a level 4 spell: Flame Wave
  2800 | D:3      | Reached skill level 1 in Fighting
  2852 | D:3      | Found a glowing drain.
  2859 | Sewer    | Entered a sewer
  3177 | Sewer    | Found a burning altar of Makhleb.
  3292 | Sewer    | Noticed Grinder
  3293 | Sewer    | Paralysed by Grinder for 2 turns
  3305 | Sewer    | Killed Grinder
  3306 | Sewer    | Reached skill level 5 in Fire Magic
  3306 | Sewer    | Reached XP level 7. HP: 38/38 MP: 0/13
  4510 | D:4      | Found a shadowy altar of Dithmenos.
  4867 | D:4      | Reached XP level 8. HP: 18/43 MP: 4/15
  5076 | D:4      | Reached skill level 5 in Spellcasting
  5236 | D:5      | Entered Level 5 of the Dungeon
  6004 | D:5      | Found a runed translucent door.
  6004 | D:5      | Noticed emikaela's ghost (amateur MeBe)
  6133 | D:5      | Reached skill level 1 in Armour
  6636 | D:5      | Killed emikaela's ghost
  6637 | D:5      | Reached skill level 5 in Conjurations
  6637 | D:5      | Reached XP level 9. HP: 46/47 MP: 9/18
  6743 | D:6      | Noticed Pikel
  6929 | D:5      | Killed Pikel
  7227 | D:6      | You fall into a shaft and drop 3 floors!
  7639 | D:9      | Noticed a guardian serpent
  7648 | D:9      | Killed a guardian serpent
  7738 | D:9      | Reached XP level 10. HP: 15/53 MP: 14/21
  8039 | D:8      | Found a broken altar of Ashenzari.
  8196 | D:6      | Found a staircase to the Ecumenical Temple.
  8428 | D:6      | Noticed Eustachio
  8459 | D:6      | Killed Eustachio
  8548 | Temple   | Entered the Ecumenical Temple
  8731 | D:6      | Found Tumaneta's Distillery.
  8739 | D:6      | Bought a potion of heal wounds for 50 gold pieces
  8739 | D:6      | Bought a potion of heal wounds for 50 gold pieces
  9356 | D:7      | Found a hazy altar of Hepliaklqana.
  9356 | D:7      | Found a radiant altar of Vehumet.
  9356 | D:7      | Found a stormy altar of Qazlal.
  9394 | D:7      | Became a worshipper of Vehumet
  9624 | D:7      | Found a sparkling altar of Nemelex Xobeh.
  9800 | D:8      | Noticed an elephant
  9829 | D:8      | Killed an elephant
 10510 | D:8      | Found a staircase to the Lair.
 10535 | D:8      | Reached * piety under Vehumet
 10535 | D:8      | Offered knowledge of Shock by Vehumet.
 10578 | D:8      | Noticed Psyche
 10590 | D:8      | Reached XP level 11. HP: 39/58 MP: 7/24
 10615 | D:8      | Killed Psyche
 11589 | D:9      | Reached skill level 10 in Fire Magic
 11591 | D:9      | Offered knowledge of Freeze by Vehumet.
 11819 | D:9      | Reached ** piety under Vehumet
 12209 | D:9      | Found a staircase to the Orcish Mines.
 12777 | D:10     | Entered Level 10 of the Dungeon
 12777 | D:10     | Found Zoichir's Distillery.
 12808 | D:10     | Offered knowledge of Static Discharge by Vehumet.
 12920 | D:10     | Reached *** piety under Vehumet
 13505 | D:10     | Learned a level 4 spell: Airstrike
 13922 | D:11     | Noticed Maurice
 13922 | D:11     | Noticed a two-headed ogre
 13930 | D:11     | Killed a two-headed ogre
 13930 | D:11     | Killed Maurice
 13930 | D:11     | Noticed a cyclops
 13931 | D:11     | Reached skill level 10 in Spellcasting
 14001 | D:11     | Killed a cyclops
 14106 | D:11     | Found Woffeum's Assorted Antiques.
 14152 | D:11     | Noticed a boulder beetle
 14179 | D:11     | Killed a boulder beetle
 14330 | D:11     | Reached skill level 1 in Evocations
 14375 | D:11     | Offered knowledge of Fulminant Prism by Vehumet.
 14380 | D:11     | Reached XP level 12. HP: 46/64 MP: 17/26
 14895 | Lair:1   | Entered Level 1 of the Lair of Beasts
 15329 | Lair:1   | Reached skill level 5 in Armour
 15752 | Lair:2   | Noticed Amaemon
 15752 | Lair:2   | Noticed Fannar
 15757 | Lair:2   | Killed Fannar
 15761 | Lair:2   | Killed Amaemon
 15793 | Lair:2   | Reached skill level 5 in Maces & Flails
 15908 | Lair:2   | Noticed Gastronok
 15935 | Lair:2   | Killed Gastronok
 15936 | Lair:2   | Reached skill level 5 in Dodging
 16283 | Lair:2   | Reached **** piety under Vehumet
 16403 | Lair:2   | Offered knowledge of Fireball by Vehumet.
 16758 | Lair:2   | You fall into a shaft and drop 2 floors!
 16987 | Lair:2   | Found a staircase to the Swamp.
 17251 | Lair:2   | Reached XP level 13. HP: 53/69 MP: 28/28
 17363 | Lair:2   | Learned a level 5 spell: Fireball
 18193 | Lair:3   | Found a staircase to the Snake Pit.
 18573 | Lair:3   | Found a white marble altar of Elyvilon.
 19495 | Lair:5   | Entered Level 5 of the Lair of Beasts
 19559 | Lair:5   | Reached ***** piety under Vehumet
 19873 | Lair:5   | Offered knowledge of Iron Shot by Vehumet.
 20396 | Lair:5   | Reached skill level 10 in Conjurations
 20601 | Lair:5   | Found a viscous altar of Jiyva.
 20604 | Lair:5   | Found a staircase to the Slime Pits.
 20958 | Lair:5   | Gained mutation: Your large and strong wings let you fly.
                  | [Gargoyle growth]
 20958 | Lair:5   | Reached XP level 14. HP: 72/76 MP: 31/31
 21381 | Lair:5   | Killed from afar by a fire dragon

Illustrated notes

Levels and vault maps discovered:
D:1:      onia_arrival_pentagram, layout_basic, serial_park_tiny_2
D:2:      layout_loops_cross, nicolae_ecumenical_pavilion,
          uniq_crazy_yiuf_cottage
D:3:      layout_loops_ring, gup_sewer_entry_bubbles,
          minmay_misc_feat_nine_boxes, chequers_serial_rivers_micro_c,
          minivault_24
D:4:      layout_basic, kennysheep_mini_moat
D:5:      layout_basic, gammafunk_ghost_grave, chequers_ossuary_entry_cave
D:6:      layout_loops_ring, minmay_temple_entry_gardened_gates, serial_shops,
          shop, uniq_eustachio, uniq_pikel
D:7:      layout_cave_pools, old_standard_altar, gammafunk_temple_overflow_claw,
          enter_bailey_5
D:8:      layout_loops_ring, ashenzari_altar_1, david_lair_generic,
          minmay_misc_feat_ornament, uniq_psyche
D:9:      layout_loops_ring, erik_orc_2, minmay_strange_pillars
D:10:     layout_cross, serial_shops, nicolae_shop_waterfront,
          serial_gnoll_camp, gnoll_camp_mini_basic, gnoll_camp_mini_hut,
          gnoll_camp_mini_doghouse
D:11:     layout_gridville, serial_shops, nicolae_shop_stone, uniq_maurice
Temple:   kb_temple_of_zot
Lair:1:   layout_chaotic_city, minivault_25, chequers_serial_rivers_micro_e,
          serial_bayou_crossing, infiniplex_staircase_pool, grunt_megastairs_2
Lair:2:   layout_roguey, swamp_mist, beast_lair_carwin_8, uniq_gastronok,
          uniq_amaemon, uniq_fannar
Lair:3:   layout_cellular_growth, minmay_snake_entry_guardpost_small,
          basic_altar
Lair:4:   layout_misc_corridors
Lair:5:   wormcave, layout_long_grid, guppyfry_lair_end_dragon, slime_entry_1,
          serial_bayou_shore_a

Skill      XL: |  1  2  3  4  5  6  7  8  9 10 11 12 13 |
---------------+----------------------------------------+-----
Fire Magic     | 4 5 7 8 9 10 12 13 | 13.1
Conjurations   | 2 3 4 5 6 8 10 | 10.1
Maces & Flails | 1 2 3 4 5 6 |  6.0
Dodging        | 2 3 4 5 |  5.2
Spellcasting   | 3 4 6 7 9 10 11 13 | 13.2
Fighting       | 1 2 3 4 |  4.0
Armour         | 1 3 4 5 6 |  6.2
Evocations     | 1 |  1.7
Stealth        | |  2.1
Air Magic      | |  0.4

Action                   |  1- 3 |  4- 6 |  7- 9 | 10-12 | 13-15 || total
-------------------------+-------+-------+-------+-------+-------++-------
Melee: Unarmed           |     3 |       |       |       |       ||     3
       Mace              |    23 |       |       |       |       ||    23
       Whip              |       |    61 |    48 |   235 |    58 ||   402
       Punch             |       |       |     1 |     6 |     1 ||     8
 Cast: Foxfire           |    39 |    66 |   134 |   360 |    72 ||   671
       Scorch            |     2 |    14 |    55 |    98 |    25 ||   194
       Flame Wave        |       |       |       |    25 |     6 ||    31
       Airstrike         |       |       |       |     3 |     1 ||     4
       Conjure Flame     |       |       |       |     2 |       ||     2
       Fireball          |       |       |       |       |    91 ||    91
Evoke: Wand              |       |       |       |     9 |     4 ||    13
       Condenser vane    |       |       |       |     1 |     1 ||     2
  Use: Scroll            |     6 |     7 |     7 |    16 |     7 ||    43
       Potion            |       |       |     1 |     2 |     2 ||     5
 Stab: Sleeping          |     1 |       |       |       |       ||     1
Armor: Robe              |    11 |    38 |    22 |       |       ||    71
       Acid dragon scale |       |       |    50 |   251 |    48 ||   349
Dodge: Dodged            |    22 |    48 |    86 |   262 |    50 ||   468
